 Dungeon Crawl Stone Soup version 0.27.0-1-g7a089689b8 (webtiles) character file.

Game seed: 17825621080408637863

68 ZombieSheep the Ducker (level 4, 0/41 HPs)
             Began as a Gnoll Monk on Aug 10, 2021.
             Slain by a gnoll (1 damage)
             ... on level 2 of the Dungeon.
             The game lasted 00:02:58 (1481 turns).

ZombieSheep the Ducker (Gnoll Monk)                 Turns: 1481, Time: 00:02:59

Health: 0/41       AC:  5    Str: 10    XL:     4   Next: 19%
Magic:  5/5        EV: 14    Int: 10    God:
Gold:   108        SH:  0    Dex: 15    Spells: 5/5 levels left

rFire    . . .     SeeInvis .   a - +0 spear
rCold    . . .     Faith    .   (no shield)
rNeg     . . .     Spirit   .   j - +0 leather armour
rPois    .         Reflect  .   c - +0 helmet
rElec    .         Harm     .   l - +0 cloak
rCorr    .         Rampage  .   (no gloves)
Will     .....                  (no boots)
Stlth    ++........             (no amulet)
HPRegen  0.13/turn              (no ring)
MPRegen  0.09/turn              (no ring)

@: mighty
A: fangs 1, strong nose, distributed training
a: no special abilities


You were on level 2 of the Dungeon.
You visited 1 branch of the dungeon, and saw 3 of its levels.

You collected 108 gold pieces.

Inventory:

Hand Weapons
 a - a +0 spear (weapon)
Armour
 b - a +0 robe
 c - a +0 helmet (worn)
 e - a +0 buckler
 j - a +0 leather armour (worn)
 l - a +0 cloak (worn)
Scrolls
 h - 2 scrolls of fog
Potions
 g - a potion of berserk rage {unknown}
 i - a potion of curing {unknown}


   Skills:
 + Level 6.6 Fighting
 + Level 1.0 Short Blades
 + Level 1.0 Long Blades
 + Level 1.0 Axes
 + Level 1.0 Maces & Flails
 + Level 6.6 Polearms
 + Level 1.0 Staves
 + Level 1.0 Slings
 + Level 1.0 Bows
 + Level 1.0 Crossbows
 + Level 1.0 Throwing
 + Level 1.0 Armour
 + Level 6.6 Dodging
 + Level 4.2 Stealth
 + Level 1.0 Shields
 + Level 1.0 Unarmed Combat
 + Level 1.0 Spellcasting
 + Level 0.8 Conjurations
 + Level 0.8 Hexes
 + Level 0.8 Summonings
 + Level 0.8 Necromancy
 + Level 0.8 Translocations
 + Level 0.8 Transmutations
 + Level 0.8 Fire Magic
 + Level 0.8 Ice Magic
 + Level 0.8 Air Magic
 + Level 0.8 Earth Magic
 + Level 0.8 Poison Magic
 + Level 1.1 Invocations
 + Level 1.0 Evocations


You had 5 spell levels left.
You didn't know any spells.
Your spell library was empty.

Dungeon Overview and Level Annotations

Branches:
Dungeon (3/15)

Altars:

Annotations:
D:3 Jessica


Innate Abilities, Weirdness & Mutations

You have very sharp teeth.
Your uncanny sense of smell can sniff out nearby items.
Your experience applies equally to all skills.


Message History

You reach to attack!
You closely miss the hobgoblin.
Jessica the Apprentice Sorceress comes into view.
She is wielding a +0 club.
A goblin comes into view. It is wielding a +0 club.
You closely miss the hobgoblin. The hobgoblin closely misses you.
Jessica shouts!
You hit the hobgoblin but do no damage.
You hear a shout!
The hobgoblin misses you.
You hit the hobgoblin.
You kill the hobgoblin!
There is a stone staircase leading up here.
You climb upwards.
There is a stone staircase leading down here.
You start resting.
HP restored.
There is an open door here.
There is an open door here.
There is a stone staircase leading down here.
You climb downwards.
Level annotation: Jessica 4 gnolls and a gnoll sergeant come into view.
The gnoll sergeant is wielding a +5 vorpal spear.
The gnoll shouts! x2
The gnoll sergeant hits you but does no damage.
The gnoll hits you with a +0 flail! The gnoll hits you with a +0 club.
The gnoll barely misses you.
There is a stone staircase leading up here.
The gnoll hits you with a +0 flail.
The gnoll sergeant hits you with a +5 vorpal spear!
* * * LOW HITPOINT WARNING * * *
The gnoll hits you with a +0 club.
* * * LOW HITPOINT WARNING * * *
You climb upwards.
There is a stone staircase leading down here.
It was a potion of might.
You feel very mighty all of a sudden. The gnoll sergeant barely misses you.
The gnoll hits you with a +0 flail.
* * * LOW HITPOINT WARNING * * *
The gnoll hits you with a +0 club.
You die...

#.# #.# #.# #######
##.## #.....# #...#
#.....#
#...#######.....###
#...'.....'........
#...#######.....###
#g@g......'.....'.#
#..g#######.....#.#
#...#######....)#.#
######....#.....#..
#....#.....##.
#....#.....##.
#....#.....##.
#....#.....###
#....#.....# #


You could see a gnoll sergeant and 2 gnolls.

Vanquished Creatures
  A hound skeleton (D:2)
  Robin (D:3)
  2 worms (D:2)
  A bat (D:1)
  3 endoplasms
  3 giant cockroaches
  6 goblins (D:3)
  6 hobgoblins
  2 jackals (D:2)
  A quokka (D:1)
  2 ball pythons (D:1)
  2 frilled lizards
  2 kobolds
  4 rats
36 creatures vanquished.

Notes
Turn   | Place    | Note
-------+----------+-------------------------------------------
     0 | D:1      | ZombieSheep the Gnoll Monk began the quest for the Orb.
     0 | D:1      | Reached XP level 1. HP: 23/23 MP: 1/1
    96 | D:1      | Found a faded altar of an unknown god.
   179 | D:1      | Reached XP level 2. HP: 29/29 MP: 2/2
   740 | D:2      | Reached XP level 3. HP: 32/35 MP: 2/4
   887 | D:2      | Reached skill level 1 in Invocations
  1241 | D:3      | Noticed Robin
  1263 | D:3      | Reached skill level 1 in Short Blades
  1263 | D:3      | Reached skill level 1 in Long Blades
  1263 | D:3      | Reached skill level 1 in Axes
  1263 | D:3      | Reached skill level 1 in Maces & Flails
  1263 | D:3      | Reached skill level 1 in Staves
  1263 | D:3      | Reached skill level 1 in Slings
  1263 | D:3      | Reached skill level 1 in Bows
  1263 | D:3      | Reached skill level 1 in Crossbows
  1263 | D:3      | Reached skill level 1 in Throwing
  1263 | D:3      | Reached skill level 1 in Armour
  1263 | D:3      | Reached skill level 1 in Shields
  1263 | D:3      | Reached skill level 1 in Unarmed Combat
  1263 | D:3      | Reached skill level 1 in Spellcasting
  1263 | D:3      | Reached skill level 1 in Evocations
  1272 | D:3      | Killed Robin
  1273 | D:3      | Reached XP level 4. HP: 32/41 MP: 2/5
  1324 | D:3      | Noticed Jessica
  1478 | D:3      | Noticed a gnoll sergeant
  1481 | D:2      | HP: 1/41 [gnoll (5)]
  1481 | D:2      | Slain by a gnoll

Illustrated notes

Levels and vault maps discovered:
D:1:      amcnicky_arrival_abandoned_market, layout_basic,
          hellmonk_ecumenical_altar_crossroads, minmay_box_of_dots
D:2:      layout_basic
D:3:      layout_basic, chequers_hall_statues_corner_a, uniq_robin, uniq_jessica

Skill      XL: |  1  2  3 |
---------------+----------+-----
Invocations    | 1 |  1.1
Short Blades   | 1 |  1.0
Long Blades    | 1 |  1.0
Axes           | 1 |  1.0
Maces & Flails | 1 |  1.0
Staves         | 1 |  1.0
Slings         | 1 |  1.0
Bows           | 1 |  1.0
Crossbows      | 1 |  1.0
Throwing       | 1 |  1.0
Armour         | 1 |  1.0
Shields        | 1 |  1.0
Unarmed Combat | 1 |  1.0
Spellcasting   | 1 |  1.0
Evocations     | 1 |  1.0
Fighting       | |  6.6
Polearms       | |  6.6
Dodging        | |  6.6
Stealth        | |  4.2
Conjurations   | |  0.8
Hexes          | |  0.8
Summonings     | |  0.8
Necromancy     | |  0.8
Translocations | |  0.8
Transmutations | |  0.8
Fire Magic     | |  0.8
Ice Magic      | |  0.8
Air Magic      | |  0.8
Earth Magic    | |  0.8
Poison Magic   | |  0.8

Action                   |  1- 3 |  4- 6 || total
-------------------------+-------+-------++-------
Melee: Spear             |   141 |    12 ||   153
       Bite              |     5 |       ||     5
       Punch             |     2 |     1 ||     3
  Use: Scroll            |     3 |       ||     3
       Potion            |     1 |     1 ||     2
 Stab: Sleeping          |     7 |       ||     7
Armor: Leather armour    |    13 |     1 ||    14
       Robe              |     4 |       ||     4
       Skin              |     8 |     1 ||     9
Dodge: Dodged            |    50 |     5 ||    55
